 Dungeon Crawl Stone Soup version 0.29.1-12-g30fa7ad0bf (webtiles) character file.

Game seed: 14320027525326198034

97954 KittyFluff the Tortoise (level 16, -1/156 HPs)
             Began as a Gargoyle Berserker on Jan 9, 2023.
             Was a High Priest of Trog.
             Slain by an orc warlord
             ... wielding a +0 great mace of protection
              (25 damage)
             ... on level 1 of the Orcish Mines on Jan 10, 2023.
             The game lasted 02:36:20 (33039 turns).

KittyFluff the Tortoise (Gargoyle Berserker)       Turns: 33039, Time: 02:36:21

Health: -1/156     AC: 34    Str: 23    XL:     16   Next: 21%
Magic:  5/5        EV: 13    Int:  8    God:    Trog [*****.]
Gold:   1887       SH: 24    Dex: 15    Spells: 15/15 levels left

rFire   + . .      SeeInvis +   Y - +1 eveningstar (antimagic)
rCold   . . .      Faith    .   k - +0 tower shield
rNeg    + . .      Spirit   .   j - +2 chain mail {rF+}
rPois   ∞          Reflect  +   H - +0 helmet
rElec   +          Harm     .   I - scarf {repulsion}
rCorr   .          Rampage  .   r - +0 pair of gloves of Kegu {rElec}
Will    +....                   Q - +1 pair of boots
Stlth   ..........              d - amulet of reflection
HPRegen 0.36/turn               Z - ring of see invisible
MPRegen 0.09/turn               M - +4 ring of evasion

@: berserking, flying, repel missiles, very quick
A: sickness immunity, AC +12, big wings, negative energy resistance 1,
electricity resistance, torment resistance 1, petrification resistance
a: Renounce Religion, Berserk, Trog's Hand, Brothers in Arms


You were on level 1 of the Orcish Mines.
You worshipped Trog.
Trog was extremely pleased with you.
You visited 3 branches of the dungeon, and saw 22 of its levels.
You also visited: Ice Cave.

You collected 2007 gold pieces.
You spent 120 gold pieces at shops.

Inventory:

Hand Weapons
 a - the +9 flail of Anguish {vorpal, Dex+2}
   (Trog gifted it to you on level 1 of the Orcish Mines)

   It inflicts extra damage upon your enemies.
   Dex:       It affects your dexterity (+2).
 s - the +5 mace of Attainder {vorpal, *Rage rN+ Will+}
   (You took it off a centaur on level 9 of the Dungeon)

   It inflicts extra damage upon your enemies.
   rN:        It protects you from negative energy.
   *Rage:     It berserks you when you make melee attacks (+20% chance).
   Will:      It increases your willpower.
 x - a +1 sling of flaming
 Y - a +1 antimagic eveningstar (weapon)
Missiles
 c - 7 atropa-tipped darts
 i - 2 curare-tipped darts
 l - 58 poisoned darts (quivered)
 B - 5 javelins
 G - 9 boomerangs
Armour
 f - the +0 robe "Hidu" {+Inv}
   (You found it on level 2 of the Lair of Beasts)

   +Inv:      It lets you turn invisible.
 j - a +2 chain mail of fire resistance (worn)
 k - a +0 tower shield (worn)
 r - the +0 pair of gloves of Kegu (worn) {rElec}
   (You found it on level 3 of the Lair of Beasts)

   rElec:     It insulates you from electricity.
 H - a +0 helmet (worn)
 I - a scarf of repulsion (worn)
 Q - a +1 pair of boots (worn)
 T - a +0 plate armour of cold resistance
 U - +0 acid dragon scales
Jewellery
 d - an amulet of reflection (around neck)
 F - a ring of protection from cold
 L - a ring of positive energy
 M - a +4 ring of evasion (right hand)
 Z - a ring of see invisible (left hand)
Wands
 n - a wand of iceblast (25)
 o - a wand of digging (6)
 u - a wand of quicksilver (8)
 z - a wand of mindburst (9)
 P - a wand of paralysis (25)
 R - a wand of flame (27)
Scrolls
 b - a scroll of blinking
 e - 2 scrolls of fear
 q - 2 scrolls of magic mapping
 t - 9 scrolls of teleportation
 y - a scroll of torment
 C - 3 scrolls of poison
 E - 3 scrolls of immolation
 K - 2 scrolls of fog
 N - 2 scrolls of brand weapon
 V - 5 scrolls of enchant weapon
Potions
 g - 14 potions of curing
 h - 5 potions of resistance
 m - 5 potions of haste
 p - 5 potions of heal wounds
 w - 3 potions of cancellation
 A - 5 potions of berserk rage
 D - 4 potions of mutation
 J - 3 potions of attraction
 O - 5 potions of lignification
 S - 4 potions of might
 W - 4 potions of invisibility
Miscellaneous
 v - a lightning rod (4/4)
 X - a condenser vane


   Skills:
 + Level 13.2 Fighting
 * Level 13.2 Maces & Flails
 * Level 17.8 Armour
 - Level 5.1 Dodging
 - Level 6.7 Stealth
 - Level 15.4 Shields


You had 15 spell levels left.
You didn't know any spells.
Your spell library was empty.

Dungeon Overview and Level Annotations

Branches:
Dungeon (15/15)            Temple (0/1) D:6            Lair (5/5) D:10
  Swamp (0/4) Lair:3       Spider (0/4) Lair:2        Slime (0/5) Lair:5
    Orc (2/2) D:11            Elf (0/3) Orc:2        Vaults (0/5) D:13
 Depths (0/4) D:15          IceCv (visited)

Altars:
Fedhas
Gozag
Hepliaklqana
Kikubaaqudgha
Makhleb
Nemelex Xobeh
Sif Muna
Uskayaw
Vehumet
Wu Jian
Xom
Zin
Jiyva

Shops:
D:2 (   D:6 [   D:8 :   D:9 (   D:13 =   Orc:1 *   Orc:2 [

Annotations:
D:4 exclusion: statue
D:8 3 runed translucent doors, hawla's ghost, novice MeFE; holycorn's ghost, novice MiBe
D:14 3 runed translucent doors, Barsook's ghost, journeyman DsFi; rakiston's ghost, adept MiBe


Innate Abilities, Weirdness & Mutations

You are immune to sickness and miasma.
Your stone body is resilient. (AC +12)
You are immune to poison.
Your large and strong wings let you fly.
You resist negative energy. (rN+)
You are resistant to electric shocks. (rElec)
You are resistant to unholy torment.
You are immune to petrification.


Message History

You kill the orc warrior!
Trog accepts your kill. You block the orc's attack.
The orc warlord roars a battlecry!
The orcs go into a battle-frenzy!
You closely miss the orc. The orc barely misses you.
You completely miss the orc. You block the orc's attack.
An orc knight comes into view. It is wielding a +1 vorpal battleaxe.
The orc knight shouts!
You puncture the orc!
You kill the orc!
Trog accepts your kill. You block the orc's attack.
You barely miss the orc. You block the orc's attack.
The orc knight roars a battlecry!
The orc warlord goes into a battle-frenzy!
You puncture the orc!
You kill the orc!
Trog accepts your kill. You block the orc warlord's attack.
You fly upwards.
There is a stone staircase leading down, spattered with blood here.
You hit the orc warlord but do no damage.
The orc warlord hits you with a +0 great mace of protection!!!
You barely miss the orc warlord. You block the orc warlord's attack.
You bludgeon the orc warlord!!
The orc warlord is moderately wounded.
The orc warlord hits you with a +0 great mace of protection!!!
* * * LOW HITPOINT WARNING * * *
A red film seems to cover your vision as you go berserk!
You feel yourself moving faster!
You feel mighty!
The orc warlord hits you with a +0 great mace of protection!
* * * LOW HITPOINT WARNING * * *
You closely miss the orc warlord.
The orc warlord is moderately wounded.
You block the orc warlord's attack.
You bludgeon the orc warlord!!
The orc warlord is moderately wounded.
The orc warlord hits you with a +0 great mace of protection!!
You die...

[........##.....#.......##
.#.......#...........#...#
#.......................##
#....................#..##
.....#...................#
....)....................#
........................##
...............[[)......##
#..............o@.#......#
##...#...#.....)[..>.....#
#.....................∩.#
##..##.................##
####.......#..........##
###......#.##...........#
##......##...##[#.......##
#.......##...#))......#.#
##.#.........).[[...#....#


You could see an orc warlord (strong).

Vanquished Creatures
  A vault warden (D:13)
  An orc warlord (D:11)
  A stone giant (D:15)
  A dire elephant (Lair:4)
  The ghost of cowcol the Cleaver, a journeyman MiMo of Hepliaklqana (Lair:3)
  4 boulder beetles
  4 vault guards (D:13)
  5 hydras
  A death knight (D:9)
  3 ogre magi (D:15)
  3 catoblepae (Lair:5)
  An anaconda (Lair:3)
  6 centaur warriors
  20 two-headed ogres
  14 death yaks
  2 tengu warriors (D:15)
  The ghost of wormed the Magician, a novice GnWn of Ashenzari (D:10)
  An orc high priest (Orc:1)
  4 skeletal warriors (D:14)
  Pikel (D:6)
  3 orc knights
  2 deep elf pyromancers (D:9)
  9 ugly things
  2 orc sorcerers (Orc:1)
  8 elephants (Lair:4)
  7 cyclopes
  5 manticores
  4 black mambas
  2 ice statues (IceCv)
  14 cane toads
  2 gargoyles
  3 freezing wraiths
  A rime drake (Lair:5)
  2 kobold demonologists
  9 komodo dragons
  A tengu conjurer (D:9)
  4 trolls
  A meliai (D:9)
  2 polar bears
  A hornet (shapeshifter) (D:9)
  Grinder (D:3)
  7 slime creatures (D:14)
  12 dream sheep
  4 blink frogs
  Sigmund (D:3)
  A centaur simulacrum (D:15)
  A shadow (D:9)
  4 wraiths
  13 humans (D:13)
  8 wyverns
  49 yaks
  2 redbacks (Lair:2)
  2 steam dragons
  7 basilisks
  An acid dragon (D:9)
  3 wargs (Orc:1)
  13 water moccasins
  28 orc warriors
  An ice beast (D:8)
  2 black bears
  4 ogres
  17 wolves
  A phantom (D:4)
  14 centaurs
  2 lemures (D:6)
  7 kobold brigands
  11 bullfrogs
  A necrophage (D:7)
  2 scorpions
  2 cane toad simulacra (IceCv)
  A hornet simulacrum (D:14)
  10 killer bees
  4 electric eels (D:14)
  10 howler monkeys
  12 orc priests
  Crazy Yiuf (D:4)
  A jelly (D:6)
  Ijyb (D:5)
  2 iguanas
  12 orc wizards
  A polar bear simulacrum (IceCv)
  A wolf simulacrum (IceCv)
  5 gnolls
  3 adders
  A shadow imp (D:7)
  12 white imps
  A worm (D:2)
  61 orcs
  An endoplasm (D:1)
  3 giant cockroaches
  5 goblins
  7 hobgoblins
  5 jackals (D:1)
  3 quokkas
  3 ball pythons
  2 bats
  3 frilled lizards
  28 kobolds
  4 rats
581 creatures vanquished.

Vanquished Creatures (others)
  A deep elf pyromancer (D:15)
  An orc warrior (Orc:1)
  An orc wizard (D:8)
  An orc (D:5)
  31 fungi
  45 plants
80 creatures vanquished.

Grand Total: 661 creatures vanquished

Notes
Turn   | Place    | Note
-------+----------+-------------------------------------------
     0 | D:1      | KittyFluff the Gargoyle Berserker began the quest for the
                  | Orb.
     0 | D:1      | Reached XP level 1. HP: 14/14 MP: 1/1
   552 | D:1      | Reached XP level 2. HP: 19/19 MP: 2/2
   903 | D:1      | Found a faded altar of an unknown god.
  1442 | D:2      | Found a glowing silver altar of Zin.
  1489 | D:2      | Found Felaonei's Antique Weapon Boutique.
  1732 | D:2      | Reached XP level 3. HP: 23/23 MP: 3/3
  1857 | D:2      | You fall into a shaft and drop 1 floor!
  2024 | D:2      | Reached skill level 3 in Armour
  2381 | D:3      | Noticed Grinder
  2384 | D:3      | Paralysed by Grinder for 3 turns
  2391 | D:3      | Paralysed by Grinder for 5 turns
  2400 | D:3      | Paralysed by Grinder for 5 turns
  2413 | D:3      | Killed Grinder
  2414 | D:3      | Reached skill level 4 in Armour
  2414 | D:3      | Reached XP level 4. HP: 17/29 MP: 4/4
  2414 | D:3      | Reached XP level 5. HP: 19/33 MP: 5/5
  2547 | D:3      | Reached XP level 6. HP: 9/38 MP: 6/6
  2893 | D:3      | Noticed Sigmund
  2908 | D:3      | Killed Sigmund
  3066 | D:3      | Found a large runed translucent door.
  3066 | D:3      | Found a large runed translucent door.
  3066 | D:3      | Found a shimmering altar of Xom.
  3303 | D:3      | Noticed a black bear
  3324 | D:3      | Killed a black bear
  3325 | D:3      | Reached skill level 5 in Armour
  3325 | D:3      | Reached XP level 7. HP: 28/44 MP: 7/7
  3692 | D:3      | Reached ** piety under Trog
  4510 | D:4      | Found an ornate altar of the Wu Jian Council.
  4687 | D:4      | Found a runed translucent door.
  4688 | D:4      | Noticed Crazy Yiuf
  4700 | D:4      | Killed Crazy Yiuf
  4782 | D:4      | Found a radiant altar of Vehumet.
  4882 | D:5      | Entered Level 5 of the Dungeon
  5072 | D:5      | Noticed Ijyb
  5074 | D:5      | Reached skill level 5 in Fighting
  5087 | D:5      | Killed Ijyb
  5492 | D:5      | Reached skill level 1 in Shields
  5920 | D:5      | Reached XP level 8. HP: 49/49 MP: 8/8
  6252 | D:5      | Reached skill level 6 in Armour
  6610 | D:6      | Found an opulent altar of Gozag.
  6633 | D:6      | Noticed Pikel
  6732 | D:6      | Killed Pikel
  6733 | D:6      | Reached skill level 5 in Maces & Flails
  6735 | D:6      | Reached skill level 7 in Armour
  6735 | D:6      | Reached XP level 9. HP: 38/55 MP: 5/9
  6935 | D:6      | Found a staircase to the Ecumenical Temple.
  7168 | D:6      | Found Keokavom's Antique Armour Shoppe.
  7488 | D:7      | Reached skill level 5 in Stealth
  7515 | D:7      | Found a faded altar of an unknown god.
  7515 | D:7      | Found a faded altar of an unknown god.
  7754 | D:7      | Found a faded altar of an unknown god.
  7754 | D:7      | Found a hazy altar of Hepliaklqana.
  8143 | D:7      | Found a burning altar of Makhleb.
  8278 | D:7      | Found a shimmering blue altar of Sif Muna.
  8838 | D:8      | Found a glowing silver altar of Zin.
  8869 | D:8      | Reached skill level 5 in Shields
  8959 | D:8      | Reached skill level 8 in Armour
  9270 | D:8      | Found a runed translucent gate.
  9270 | D:8      | Found a runed translucent gate.
  9271 | D:8      | Found a runed translucent gate.
  9604 | D:8      | Reached *** piety under Trog
  9783 | D:8      | Reached XP level 10. HP: 61/61 MP: 10/10
  9833 | D:8      | Found Leytsi Batu's Book Shoppe.
  9941 | D:8      | Noticed holycorn's ghost (novice MiBe)
  9941 | D:8      | Noticed hawla's ghost (novice MeFE)
 10082 | D:9      | Found Agaca's Weapon Shoppe.
 10110 | D:9      | Found a hide-covered altar of Uskayaw.
 10537 | D:9      | Noticed a cyclops
 10644 | D:9      | Killed a cyclops
 10645 | D:9      | Reached skill level 9 in Armour
 10910 | D:9      | Noticed a two-headed ogre
 10920 | D:9      | Killed a two-headed ogre
 10993 | D:9      | Identified the +8 flail "Nomeonuv" {vorpal, rElec}
 11152 | D:9      | Found a blossoming altar of Fedhas.
 11581 | D:9      | Noticed a manticore
 11605 | D:9      | Killed a manticore
 11606 | D:9      | Reached skill level 10 in Armour
 11610 | D:9      | Noticed a kobold demonologist
 11627 | D:9      | Killed a kobold demonologist
 11648 | D:9      | Noticed a two-headed ogre
 11653 | D:9      | HP: 2/64 [two-headed ogre/+0 giant spiked club (10)]
 11655 | D:9      | Killed a two-headed ogre
 11656 | D:9      | Reached XP level 11. HP: 27/68 MP: 0/11
 11850 | D:9      | Noticed a deep elf pyromancer
 11852 | D:9      | Noticed a death knight
 11854 | D:9      | Noticed a seven-headed hydra
 11863 | D:9      | Killed a deep elf pyromancer
 12196 | D:9      | Identified the +5 mace of Attainder {vorpal, *Rage rN+
                  | Will+}
 12207 | D:9      | Killed a seven-headed hydra
 12216 | D:9      | Killed a death knight
 12452 | D:9      | Reached skill level 11 in Armour
 12452 | D:9      | Noticed a deep elf pyromancer
 12455 | D:9      | Killed a deep elf pyromancer
 12474 | D:9      | Noticed a brown ugly thing
 12778 | D:9      | Noticed a cyclops
 12796 | D:9      | Killed a cyclops
 12951 | D:10     | Entered Level 10 of the Dungeon
 12951 | D:10     | Found a staircase to the Lair.
 12973 | D:10     | Noticed a two-headed ogre
 12984 | D:10     | Killed a two-headed ogre
 12985 | D:10     | Reached skill level 10 in Shields
 13299 | D:10     | Found a sparkling altar of Nemelex Xobeh.
 13682 | D:10     | Found a transporter.
 13684 | D:10     | Identified the +6 dire flail "Lafuoplyng" {flame, Int+4}
 13684 | D:10     | Identified the +1 giant club "Zarhac" {venom, rElec rC+
                  | Str+4}
 13684 | D:10     | Noticed a two-headed ogre
 13685 | D:10     | Noticed a two-headed ogre
 13685 | D:10     | Noticed a two-headed ogre
 13685 | D:10     | Noticed wormed's ghost (novice GnWn)
 13686 | D:10     | Found a transporter.
 13823 | Lair:1   | Entered Level 1 of the Lair of Beasts
 13851 | Lair:1   | You fall into a shaft and drop 1 floor!
 13940 | Lair:2   | Reached XP level 12. HP: 70/75 MP: 12/12
 14616 | Lair:1   | Reached skill level 12 in Armour
 14704 | Lair:1   | Reached **** piety under Trog
 15632 | Lair:2   | Found a hole to the Spider Nest.
 15924 | Lair:2   | Identified the +0 robe "Hidu" {+Inv}
 16175 | Lair:3   | Reached skill level 13 in Armour
 16179 | Lair:3   | Noticed a five-headed hydra
 16313 | Lair:2   | Killed a five-headed hydra
 16453 | Lair:3   | Noticed a four-headed hydra
 16581 | Lair:3   | Killed a four-headed hydra
 16766 | Lair:3   | Reached skill level 10 in Fighting
 16777 | Lair:3   | Identified the +0 pair of gloves of Kegu {rElec}
 16791 | Lair:3   | Reached XP level 13. HP: 71/82 MP: 11/13
 16852 | Lair:3   | Reached ***** piety under Trog
 17130 | Lair:3   | Found a runed translucent gate.
 17130 | Lair:3   | Found a runed translucent gate.
 17130 | Lair:3   | Noticed cowcol's ghost (journeyman MiMo)
 17131 | Lair:3   | Found a runed translucent gate.
 17338 | Lair:3   | Found a staircase to the Swamp.
 17654 | Lair:4   | Reached skill level 14 in Armour
 18605 | Lair:4   | Noticed a dire elephant
 18635 | Lair:4   | Killed a dire elephant
 18736 | Lair:5   | Entered Level 5 of the Lair of Beasts
 18960 | Lair:4   | Reached skill level 10 in Maces & Flails
 19734 | Lair:4   | Gained mutation: Your large and strong wings let you fly.
                  | [Gargoyle growth]
 19734 | Lair:4   | Reached XP level 14. HP: 90/90 MP: 14/14
 19749 | Lair:4   | Reached skill level 15 in Armour
 19912 | Lair:4   | Received a gift from Trog
 20543 | Lair:5   | Found a staircase to the Slime Pits.
 20544 | Lair:5   | Found a viscous altar of Jiyva.
 20836 | Lair:5   | Identified the +8 dagger of Watchfulness {flame, Dex+3}
 22291 | Lair:3   | Killed cowcol's ghost
 22787 | D:10     | Killed wormed's ghost
 22788 | D:10     | Reached skill level 15 in Shields
 23583 | D:11     | Reached skill level 16 in Armour
 24269 | D:11     | Found a staircase to the Orcish Mines.
 24748 | D:12     | Found a frozen archway.
 24907 | IceCv    | Entered an ice cave
 24958 | IceCv    | Found a transporter.
 24978 | IceCv    | Found a transporter.
 26103 | D:13     | Found a transporter.
 26344 | D:13     | Found Rabeosun's Jewellery Shoppe.
 26388 | D:13     | Reached XP level 15. HP: 96/96 MP: 15/15
 26741 | D:13     | Found a gate to the Vaults.
 26990 | D:13     | Found a transporter.
 26990 | D:13     | Noticed a vault warden
 26993 | D:13     | Found an ornate altar of the Wu Jian Council.
 27107 | D:13     | Found a transporter.
 27111 | D:13     | Found an ornate altar of the Wu Jian Council.
 27112 | D:13     | Found a transporter.
 27415 | D:13     | Killed a vault warden
 28528 | D:14     | Reached skill level 5 in Dodging
 29104 | D:14     | Found a runed translucent gate.
 29104 | D:14     | Found a runed translucent gate.
 29104 | D:14     | Found a runed translucent gate.
 29105 | D:14     | Found an ancient bone altar of Kikubaaqudgha.
 29105 | D:14     | Noticed a lich
 29105 | D:14     | Noticed rakiston's ghost (adept MiBe)
 29105 | D:14     | Noticed Barsook's ghost (journeyman DsFi)
 29106 | D:14     | Noticed a lich
 29106 | D:14     | Noticed a lich
 29106 | D:14     | Found the +6 lightning scales {swift, rElec}
 29489 | D:15     | Entered Level 15 of the Dungeon
 29893 | D:15     | Reached skill level 17 in Armour
 30054 | D:15     | Found a staircase to the Depths.
 30871 | D:15     | Reached XP level 16. HP: 76/103 MP: 5/16
 31006 | D:15     | Found the +5 robe of Misfortune {Harm *Corrode *Slow EV+5}
 31385 | Orc:1    | Entered Level 1 of the Orcish Mines
 31884 | Orc:1    | Identified the +9 flail of Anguish {vorpal, Dex+2} (Trog
                  | gifted it to you on level 1 of the Orcish Mines)
 31884 | Orc:1    | Received a gift from Trog
 32523 | Orc:1    | Found Uxeize Jiux's General Store.
 32592 | Orc:2    | Entered Level 2 of the Orcish Mines
 32780 | Orc:2    | Found Ucyme's Antique Armour Emporium.
 32850 | Orc:2    | Found a staircase to the Elven Halls.
 32890 | Orc:1    | Bought a potion of invisibility for 120 gold pieces
 33039 | Orc:1    | Slain by an orc warlord

Illustrated notes

Levels and vault maps discovered:
D:1:      onia_arrival_mini_maze_b, layout_basic,
          hellmonk_ecumenical_altar_dog_temple
D:2:      layout_basic, serial_shops, nicolae_square_shop, basic_altar
D:3:      due_chaos_kobolds, layout_basic, minivault_14, uniq_sigmund,
          uniq_grinder
D:4:      layout_gridville, lemuel_tele_altar, vehumet_statue,
          uniq_crazy_yiuf_cottage
D:5:      layout_loops_corners, uniq_ijyb
D:6:      layout_basic, nicolae_gozag_cash_rules_everything_around_me,
          minmay_temple_entry_stoned_glass, serial_shops, shop_statue,
          minmay_misc_feat_enclosed, minmay_misc_feat_square, st_stairs_8,
          minmay_misc_feat_four_crosses, uniq_pikel
D:7:      layout_basic, mainiacjoe_overflow_six_doors_small,
          nicolae_sif_muna_condensation, nicolae_hepliaklqana_ecumenical_no_more
D:8:      layout_loops_corners, kennysheep_mini_moat, serial_shops,
          nicolae_shop_behind_doors, gammafunk_ghost_cemetery,
          grunt_decor_mini_mirrors
D:9:      minmay_the_grid_octo_2x2 [minmay_the_grid_octo_checkered,
          minmay_the_grid_octo_pinwheel, minmay_the_grid_octo_odd_swirl,
          minmay_the_grid_octo_prize_star], layout_grid_maze,
          nicolae_uskayaw_murder_on_the_dancefloor, fedhas_altar_4,
          serial_shops, nicolae_shop_bloodbath_and_beyond
D:10:     layout_loops_ring, nemelex_spade_bored_becter, lair_entry_dummy,
          gammafunk_ghost_smash
D:11:     layout_grid_maze, orc_0_dummy
D:12:     layout_irregular_city, portal_ice_cave_entry_imps
D:13:     dreamdust_wu_jian_sword_trials, layout_loops_corners,
          ximxim_vaults_locker_room, serial_shops, nicolae_shop_behind_doors
D:14:     layout_irregular_city, gammafunk_ghost_crypt,
          chequers_serial_rivers_large_b, disabler_island
D:15:     grunt_enter_depths_snipers, layout_basic, grunt_decor_cap
Lair:1:   layout_cave_pods, st_stairs_13, minmay_hedge_maze
Lair:2:   layout_regular_city, spider_nest_entry_webs, serial_bayou_lagoon_a,
          wad_woods_river_02, grunt_megastairs_1
Lair:3:   layout_gridlike, minmay_swamp_entry_reptiles, gammafunk_ghost_split,
          enter_volcano_1, hangedman_lair_generics_rect, lemuel_fruit_fields
Lair:4:   beast_lair_carwin_large_3, layout_regular_city, grunt_megastairs_3
Lair:5:   evilmike_catoblepas_cave, layout_regular_city, slime_entry_1
Orc:1:    layout_caves, serial_shops, shop
Orc:2:    grunt_orc_gardens, layout_caves, grunt_orc_garden, grunt_orc_garden,
          grunt_orc_garden, grunt_orc_garden, kennysheep_orc_chapel

Skill      XL: |  1  2  3  4  5  6  7  8  9 10 11 12 13 14 15 16 |
---------------+-------------------------------------------------+-----
Armour         | 4 5 7 8 10 11 13 14 16 17 | 17.8
Fighting       | 4 5 6 7 8 10 11 12 13 | 13.2
Dodging        | 2 3 4 5 |  5.1
Stealth        | 2 3 4 5 6 |  6.7
Maces & Flails | 4 5 6 7 8 9 10 11 12 13 | 13.2
Shields        | 1 3 6 8 10 12 13 15 | 15.4

Action                   |  1- 3 |  4- 6 |  7- 9 | 10-12 | 13-15 | 16-18 || total
-------------------------+-------+-------+-------+-------+-------+-------++-------
Melee: Mace              |   139 |    36 |   137 |       |       |       ||   312
       Flail             |       |       |   322 |   562 |  1215 |   209 ||  2308
       Punch             |       |       |     1 |       |       |       ||     1
       Eveningstar       |       |       |       |       |   115 |    33 ||   148
 Fire: Sling             |       |       |       |       |    74 |    92 ||   166
Throw: Stone             |     4 |     6 |    10 |    26 |     9 |       ||    55
       Dart              |       |       |       |       |     3 |       ||     3
Invok: Berserk           |     1 |     1 |     8 |     6 |    10 |       ||    26
  Use: Scroll            |       |       |     6 |     5 |    20 |       ||    31
       Potion            |       |       |       |     2 |     1 |     1 ||     4
 Stab: Sleeping          |       |       |     8 |     4 |     3 |       ||    15
       Distracted        |       |       |       |     1 |       |       ||     1
       Petrified         |       |       |       |       |     7 |       ||     7
       Petrifying        |       |       |       |       |     1 |       ||     1
       Confused          |       |       |       |       |       |     1 ||     1
Armor: Animal skin       |    10 |       |       |       |       |       ||    10
       Leather armour    |    53 |    15 |   134 |       |       |       ||   202
       Ring mail         |       |       |    97 |       |       |       ||    97
       Steam dragon scal |       |       |    31 |    75 |       |       ||   106
       Acid dragon scale |       |       |       |   138 |   254 |       ||   392
       Chain mail        |       |       |       |       |   176 |    85 ||   261
Dodge: Dodged            |   104 |    32 |   307 |   407 |   567 |   112 ||  1529
       Repelled          |       |       |       |     1 |    17 |       ||    18
Block: Buckler           |       |       |    80 |    62 |       |       ||   142
       Kite shield       |       |       |       |   211 |   449 |       ||   660
       Tower shield      |       |       |       |       |   704 |   471 ||  1175
       Reflection        |       |       |       |       |    66 |     6 ||    72
